[Event "125-Jahre Werder Bremen 2024"]
[Site "Bremen"]
[Date "2024.03.06"]
[Round "5.6"]
[White "Schneider, Jana"]
[Black "Meins, Gerlef"]
[Result "1-0"]
[ECO "B72"]
[WhiteElo "2303"]
[BlackElo "2390"]
[Annotator "TA"]
[PlyCount "43"]
[EventDate "2024.02.26"]
[EventType "swiss"]
[EventCountry "GER"]
[SourceTitle "playchess.com"]
[Source "ChessBase"]
[SourceQuality "1"]
[TimeControl "40/6000+30:1800+30"]

1. e4 c5 2. Nf3 d6 3. d4 cxd4 4. Nxd4 Nf6 5. Nc3 a6 6. Bd3 g6 7. f3 Bg7 8. Be3 Nc6 9. Qd2 d5 10. O-O-O {[%emt 0:19:31] White is more active.} O-O {[%emt 0:07:46] White is slightly better.} 11. Nxc6 bxc6 12. Bh6 Qa5 13. Bxg7 Kxg7 14. h4 {[%emt 0:00:29] e5 would now be deadly.} dxe4 15. fxe4 Be6 16. h5 {[%emt 0:04:39] Strongly threatening hxg6.} gxh5 ({But not} 16... Nxh5 $6 17. g4 Bxg4 18. Rdg1 $16) (16... Ng4 $11) 17. Qf4 $16 {[%emt 0:04:59] Threatens to win with e5.} Ng4 {[%emt 0:02:07] [#]} (17... Nd7 $16) 18. Nd5 $1 $18 {[%emt 0:02:55] Black must now prevent Qg5+.} cxd5 $2 (18... Rg8) 19. Qg5+ Kh8 20. Rxh5 Nf6 {[%emt 0:00:23] [#]} 21. Rdh1 $1 {[%emt 0:01:11][%cal Oh5h7] Rxh7+! would kill now.} Rg8 {[%emt 0:05:28] [#]} (21... Qe1+ 22. Rxe1) 22. Qxf6+ $3 {[%emt 0:00:07][%mdl 512] Weighted Error Value: White=0.07 (flawless) /Black=0.97.  Mistake:       	---       	Black=3      Inaccurate:     	White=1     	Black=1      OK:         	White=5     	Black=2      Best:        	White=2     	---        Strong:       	White=1     	---} 1-0

[Event "125-Jahre Werder Bremen 2024"]
[Site "Bremen"]
[Date "2024.03.06"]
[Round "5.7"]
[White "Reuker, Jari"]
[Black "Kopylov, Daniel"]
[Result "0-1"]
[ECO "E09"]
[WhiteElo "2383"]
[BlackElo "2346"]
[Annotator "TA"]
[PlyCount "118"]
[EventDate "2024.02.26"]
[EventType "swiss"]
[EventCountry "GER"]
[SourceTitle "playchess.com"]
[Source "ChessBase"]
[SourceQuality "1"]
[TimeControl "40/6000+30:1800+30"]

1. d4 Nf6 2. c4 e6 3. g3 d5 4. Nf3 Be7 5. Bg2 O-O 6. O-O Nbd7 7. Qc2 c6 8. Nbd2 b6 9. Rd1 Bb7 10. e4 dxc4 $1 {[%emt 0:01:22][%mdl 4] is now more promising than 10...Rc8.} 11. Nxc4 c5 12. e5 {[%emt 0:05:27] E09: Closed Catalan: Main Line: 7 Qc2 c6 8 Nbd2.} Nd5 13. h4 Rc8 14. Bg5 cxd4 15. Qe2 $146 ({Predecessor:} 15. Qb3 Nc5 16. Qa3 b5 17. Nd6 b4 18. Qxa7 Qc7 19. Bxe7 Ra8 20. Qxa8 Rxa8 21. Nxb7 Qxe7 22. Nxc5 Qxc5 23. Rxd4 {0-1 Wilson,E (2183)-Fischer,D (2290) Titled Tuesday intern op 15th June blitz 2021 (3)}) 15... Ba6 16. Rxd4 Rxc4 17. Rxc4 Bxc4 18. Qxc4 h6 19. Bd2 Qc7 20. Qe4 (20. Qxc7 {simplifies} Nxc7 21. Rc1 Nd5 22. Bf1) 20... Rc8 21. Rc1 Qb7 22. Rxc8+ Qxc8 23. Bf1 h5 24. Bd3 g6 25. Bc4 Qc6 26. Qe2 Bc5 27. a3 a5 28. Qd3 Bf8 29. Bxd5 Qxd5 30. Qxd5 exd5 31. Kf1 a4 32. Ke2 $1 Bc5 33. Bf4 (33. Bh6 $15) 33... Kf8 $17 34. Bg5 Ke8 35. Ke1 Nb8 36. Ke2 Nc6 37. Be3 Ke7 38. Kd3 Na5 (38... Ke6 $17 39. Ng5+ Kxe5 40. Nxf7+ Ke6 41. Ng5+ Kf5) 39. Nd2 (39. Ng5 $11) 39... Ke6 $19 40. f4 $2 (40. Nf3) 40... Kf5 $2 (40... Bxe3 41. Kxe3 Nc4+ 42. Nxc4 dxc4) 41. Nf3 $19 Kg4 42. Ng5 Kxg3 43. Nxf7 {[%emt 0:01:05] [#]} Nc6 $1 44. e6 Kxh4 45. Bxc5 ({White should try} 45. Ne5 Ne7 46. Bxc5 bxc5 47. Kc2) 45... bxc5 $17 46. Ne5 {[%emt 0:00:33] [#]} Ne7 $1 47. Ke2 Nf5 (47... Kg3 $6 48. Nxg6 Nf5 (48... Nxg6 $2 49. f5 $18) 49. e7 $14) (47... d4 $17 {Hoping for ...Kg3.} 48. Ke1 c4 (48... Kg3 $2 49. Nxg6 Nf5 50. e7 $19)) 48. Nxg6+ $11 Kg4 49. e7 Nd6 50. Ne5+ Kf5 51. Kf3 Ke6 52. Nd3 c4 53. Nc5+ $2 (53. f5+ $11 Kxf5 (53... Kxe7 54. Nb4 $17) 54. Nc5) 53... Kxe7 $19 54. Nxa4 d4 55. Nc5 h4 56. b3 d3 57. bxc4 d2 58. Ke2 h3 ({Stronger than} 58... Nxc4 59. Nd3 $11) 59. Nd3 Ne4 ({Weaker is} 59... Nxc4 60. Nf2 $17) 0-1

[Event "125-Jahre Werder Bremen 2024"]
[Site "Bremen"]
[Date "2024.03.06"]
[Round "5.8"]
[White "Breutigam, Martin"]
[Black "Soderstrom, Adrian"]
[Result "1-0"]
[ECO "D37"]
[WhiteElo "2359"]
[BlackElo "2288"]
[Annotator "TA"]
[PlyCount "107"]
[EventDate "2024.02.26"]
[EventType "swiss"]
[EventCountry "GER"]
[SourceTitle "playchess.com"]
[Source "ChessBase"]
[SourceQuality "1"]
[TimeControl "40/6000+30:1800+30"]

1. d4 d5 2. c4 e6 3. Nc3 Be7 4. Nf3 Nf6 5. e3 O-O 6. a3 Nbd7 7. Bd3 dxc4 8. Bxc4 c5 9. O-O cxd4 10. exd4 Nb6 11. Bd3 Bd7 12. Ne5 Rc8 13. Bg5 Bc6 {[%emt 0:08:43] The position is equal.} 14. Rc1 (14. Bc2 $5) 14... Nbd5 15. Ne2 h6 16. Nxc6 Rxc6 17. Rxc6 bxc6 18. Bd2 c5 19. Qc2 cxd4 20. Nxd4 Qb6 21. Nf3 Rd8 22. b4 Qc7 23. Qxc7 Nxc7 {[%emt 0:00:03] Excellent horsemanship.} 24. Bc4 Ncd5 25. Re1 Bd6 (25... Nb6 $11 26. Bf1 Nfd5) 26. g3 $14 Bc7 27. Bf1 Bb6 28. Rc1 Ne4 29. Be1 Ne3 {[%emt 0:01:10] [#]} ({Black should try} 29... Ng5 $14 30. Be2 Nxf3+ 31. Bxf3 Kf8) 30. a4 $1 $16 (30. fxe3 $2 {loses.} Bxe3+ 31. Kg2 Bxc1 $19) 30... Ng4 31. Rc2 e5 32. a5 Bxf2+ 33. Bxf2 Nexf2 34. Rxf2 Nxf2 35. Kxf2 f6 36. Ke3 Kf7 37. b5 Ke6 38. g4 Kd5 39. Nd2 {[%emt 0:03:33] b6 would now be deadly. White is more active.} g6 $2 {[%emt 0:01:06][%mdl 8192] A mistake that costs the game.} (39... Kc5 $16 {is more resistant.}) 40. Bg2+ $18 Kc5 {[%emt 0:00:30] [#]} (40... e4 $142 41. Bxe4+ (41. Nxe4 Re8 $18) 41... Kd6 42. Bxg6 Kc5) 41. b6 $1 axb6 {[%emt 0:17:44] [#]} 42. a6 $1 f5 43. a7 fxg4 44. a8=Q Rxa8 45. Bxa8 {[%emt 0:00:00] White wants to mate with Ne4+.} h5 46. Be4 {[%emt 0:00:00] White mates.} g5 47. Bg6 h4 48. Ne4+ Kc4 49. Nxg5 b5 50. Bf5 g3 51. h3 b4 52. Nf3 b3 53. Nxh4 b2 54. Ng2 {[%emt 0:00:00] Weighted Error Value: White=0.09 (flawless) /Black=0.45.  Loses game:     	---       	Black=1      Mistake:       	---       	Black=3      Inaccurate:     	White=6     	Black=3      OK:         	White=10    	Black=5      Strong:       	White=1     	---        Brilliant:      	White=1     	---} 1-0

[Event "125-Jahre Werder Bremen 2024"]
[Site "Bremen"]
[Date "2024.03.06"]
[Round "5.9"]
[White "Knaak, Rainer"]
[Black "Krastev, Alexander"]
[Result "0-1"]
[ECO "E43"]
[WhiteElo "2450"]
[BlackElo "2457"]
[Annotator "TA"]
[PlyCount "70"]
[EventDate "2024.02.26"]
[EventType "swiss"]
[EventCountry "GER"]
[SourceTitle "playchess.com"]
[Source "ChessBase"]
[SourceQuality "1"]
[TimeControl "40/6000+30:1800+30"]

1. d4 Nf6 2. c4 e6 3. Nc3 Bb4 4. e3 b6 5. Bd3 Bb7 6. Nf3 Bxc3+ 7. bxc3 d6 8. O-O Nbd7 9. Nd2 e5 10. e4 Qe7 {[%emt 0:00:15] White is slightly better.} 11. f4 c5 (11... exf4 $11 12. Rxf4 O-O) 12. dxe5 (12. fxe5 $16 dxe5 13. d5) 12... dxe5 $11 13. f5 O-O-O 14. Qf3 Ne8 15. Re1 Ndf6 16. Nf1 h6 (16... Qd7 $15 17. Bc2 Nd6) 17. a4 a5 18. g4 $2 {[%emt 0:00:17] [#] This costs White the game.} (18. Rb1 $11 {and White stays safe.}) 18... Nxg4 $1 $19 19. Rb1 Kc7 20. Qxg4 Rxd3 21. Qe2 Rd6 {[%emt 0:00:33] Threatens to win with ...Nf6.} (21... Rxc3 22. Qb2 Rxc4 23. Qxb6+ Kb8 24. Ba3 $11) 22. Ne3 Bxe4 23. Nd5+ Rxd5 $1 ({Don't take} 23... Bxd5 24. cxd5 f6 (24... Rxd5 25. Qa6 $11) 25. Qa6 $17) 24. Qxe4 Nf6 25. Qg2 {[%emt 0:04:02] [#]} (25. Qh4 $142 Rd3 26. Bf4) 25... Rd6 $1 26. Bf4 {[%emt 0:00:17] [#]} Nd7 27. Bg3 Rd8 28. Qb2 f6 {[%emt 0:05:43] Black is clearly winning.} 29. Bf2 g6 30. Qb5 (30. fxg6 $142 Rg8 (30... f5 $2 31. Kf1 $19) 31. Rbd1) 30... gxf5 {[%emt 0:00:49] White must now prevent ...Rg8+.} 31. Qa6 Rb8 32. Red1 Qe6 33. Qa7+ Rb7 34. Qa8 f4 ({Worse is} 34... Qxc4 35. Rxd6 Qg4+ 36. Kf1 Qc4+ 37. Kg1 Qg4+ 38. Kf1 Qc4+ 39. Kg1 $11) 35. Rxd6 Qxd6 {[%emt 0:10:38] Weighted Error Value: White=0.69/Black=0.37.  Loses game:     	White=1     	---        Mistake:       	White=3     	Black=2      Inaccurate:     	White=3     	Black=1      OK:         	White=8     	Black=10     Best:        	White=2     	---        Strong:       	---       	Black=2      Brilliant:      	---       	Black=1} 0-1

[Event "125-Jahre Werder Bremen 2024"]
[Site "Bremen"]
[Date "2024.03.06"]
[Round "5.10"]
[White "Colbow, Collin"]
[Black "Wiegmann, Sascha"]
[Result "1-0"]
[ECO "B90"]
[WhiteElo "2373"]
[BlackElo "2297"]
[Annotator "TA"]
[PlyCount "83"]
[EventDate "2024.02.26"]
[EventType "swiss"]
[EventCountry "GER"]
[SourceTitle "playchess.com"]
[Source "ChessBase"]
[SourceQuality "1"]
[TimeControl "40/6000+30:1800+30"]

1. e4 c5 2. Nf3 d6 3. d4 cxd4 4. Nxd4 Nf6 5. Nc3 a6 6. Bd3 e5 7. Nde2 Be7 8. O-O O-O 9. Ng3 b5 10. h3 b4 11. Nd5 {[%emt 0:02:39] The position is equal.} Nxd5 12. exd5 f5 13. f4 ({White should play} 13. a3 $11) 13... e4 $15 14. Bc4 Nd7 15. a3 Nb6 (15... Qc7 $15 16. Be2 b3 (16... Bh4 17. Kh2 $11) 17. cxb3 Qb6+ 18. Kh2 a5) 16. Bb3 (16. Be2 $1 $11 {feels stronger.}) 16... a5 (16... bxa3 $15 17. Rxa3 a5) 17. axb4 $11 Ba6 (17... Bh4 $11 18. Kh2 a4 (18... axb4 19. Rxa8 Nxa8 20. Qd4 $16)) 18. bxa5 $16 Bxf1 19. Qxf1 Nd7 20. a6 Qb6+ 21. Kh2 g6 {[%emt 0:00:24] [#]} 22. Bc4 $1 Bf6 23. Ra2 (23. c3 $142) 23... Rfb8 ({Better is} 23... Qc5) 24. Qe2 {[%emt 0:02:01] Black must now prevent c3.} Qc5 (24... Bd4 $142) 25. Be3 Bd4 {[%emt 0:00:23] [#]} 26. Bxd4 ({And not} 26. b4 Rxb4 27. c3 Qxc4 $17 (27... Rxc4 28. Bxd4 Qxd5 29. Nf1 $11)) 26... Qxd4 27. c3 $36 {[%emt 0:00:15][%mdl 2048] White is really pushing.} Qg7 28. Bb5 Nf6 (28... Ra7 {keeps fighting.} 29. Ra3 h5) 29. Bc6 $18 Ra7 30. Qe3 Qc7 31. b4 Qb6 32. Qxb6 Rxb6 33. b5 Kf7 34. Nf1 Ke7 35. Ne3 Kd8 36. Nc4 Kc7 37. Rb2 Ng8 38. g4 {[%emt 0:00:26] White is clearly winning.} fxg4 39. hxg4 Ne7 40. Kh3 Nc8 41. Nxb6 Nxb6 42. Re2 {[%emt 0:00:48] Weighted Error Value: White=0.10 (very precise) /Black=0.35.  Mistake:       	White=3     	Black=6      Inaccurate:     	---       	Black=3      OK:         	White=17    	Black=13     Best:        	White=3     	Black=1      Strong:       	White=1     	---} 1-0

[Event "125-Jahre Werder Bremen 2024"]
[Site "Bremen"]
[Date "2024.03.06"]
[Round "5.11"]
[White "Radeva, Viktoria"]
[Black "Kopylov, Michael"]
[Result "0-1"]
[ECO "B03"]
[WhiteElo "2325"]
[BlackElo "2352"]
[Annotator "RC"]
[PlyCount "64"]
[EventDate "2024.02.26"]
[EventType "swiss"]
[EventCountry "GER"]
[SourceTitle "playchess.com"]
[Source "ChessBase"]
[SourceQuality "1"]
[TimeControl "40/6000+30:1800+30"]

1. e4 Nf6 2. e5 Nd5 3. c4 Nb6 4. d4 d6 5. exd6 cxd6 6. Nc3 g6 7. Be3 Bg7 8. Rc1 O-O 9. b3 d5 10. c5 e5 11. cxb6 Nc6 12. Nf3 Bg4 13. Bb5 Bxf3 14. gxf3 exd4 15. Bxc6 bxc6 16. Bxd4 Bxd4 17. Qxd4 Qg5 18. Ne2 Rfe8 19. Kf1 axb6 20. a4 Qf5 21. Ng3 Qh3+ 22. Kg1 h5 23. Qd3 h4 24. Qd4 Re6 25. Nf1 Qxf3 26. Rc3 Qh5 27. Ne3 h3 28. Kf1 Rae8 29. Rc1 Qf3 30. Rg1 Rxe3 31. Rg3 Qh1+ 32. Rg1 Qxg1+ 0-1

[Event "125-Jahre Werder Bremen 2024"]
[Site "Bremen"]
[Date "2024.03.06"]
[Round "5.12"]
[White "Guichard, Pauline"]
[Black "Pruijssers, Roeland"]
[Result "1/2-1/2"]
[ECO "D35"]
[WhiteElo "2385"]
[BlackElo "2537"]
[Annotator "TA"]
[PlyCount "66"]
[EventDate "2024.02.26"]
[EventType "swiss"]
[EventCountry "GER"]
[SourceTitle "playchess.com"]
[Source "ChessBase"]
[SourceQuality "1"]
[TimeControl "40/6000+30:1800+30"]

1. d4 d5 2. c4 e6 3. Nc3 Nf6 4. cxd5 exd5 5. Bg5 c6 6. e3 Be7 7. Bd3 Nbd7 8. Nge2 h6 9. Bh4 Nh5 10. Bxe7 Qxe7 11. Qd2 {[%emt 0:00:12] White has an edge.} Nb6 12. O-O-O Be6 13. Kb1 O-O-O 14. f3 Kb8 15. g4 Nf6 16. Nc1 Ne8 17. Nb3 Nd6 18. Nc5 h5 19. h3 Bc8 20. Qc1 Rde8 21. e4 dxe4 22. N5xe4 Nxe4 23. Bxe4 {[%emt 0:01:55] The position is equal.} Rd8 24. Rhe1 Qc7 25. d5 cxd5 26. Nxd5 Qxc1+ 27. Kxc1 {[%emt 0:00:06] [#]} f5 $1 28. gxf5 {[%emt 0:05:40] Hoping for Nxb6.} Nxd5 29. Rxd5 Rxd5 30. Bxd5 Bxf5 $11 {[%emt 0:00:07] KRB-KRB} 31. h4 Rc8+ 32. Kd1 Kc7 33. Be4 Bxe4 {[%emt 0:02:11] An interesting draw.   Weighted Error Value: White=0.06 (flawless) /Black=0.04 (flawless) .  Inaccurate:     	White=2     	Black=1      OK:         	White=7     	Black=12     Best:        	---       	Black=1} 1/2-1/2

[Event "125-Jahre Werder Bremen 2024"]
[Site "Bremen"]
[Date "2024.03.07"]
[Round "6.1"]
[White "Gumularz, Szymon"]
[Black "Aditya Mittal"]
[Result "1/2-1/2"]
[ECO "A20"]
[WhiteElo "2590"]
[BlackElo "2594"]
[Annotator "RC"]
[PlyCount "191"]
[EventDate "2024.02.26"]
[EventType "swiss"]
[EventCountry "GER"]
[SourceTitle "playchess.com"]
[Source "ChessBase"]
[SourceQuality "1"]
[TimeControl "40/6000+30:1800+30"]

1. c4 e5 2. d3 Nf6 3. Nf3 Nc6 4. a3 d5 5. cxd5 Nxd5 6. Qc2 Be7 7. e3 a5 8. b3 f5 9. Bb2 Bf6 10. Nbd2 O-O 11. Be2 Re8 12. O-O Be6 13. Rfe1 Nb6 14. e4 f4 15. Rac1 Qd7 16. Qb1 Qf7 17. d4 exd4 18. Bb5 Rad8 19. Bxc6 bxc6 20. Rxc6 a4 21. e5 Be7 22. Nxd4 Bd5 23. Rxc7 axb3 24. e6 Qg6 25. Qxg6 hxg6 26. N4xb3 Bf8 27. h4 Na8 28. Ra7 Bxe6 29. Nd4 Bd5 30. Rxe8 Rxe8 31. N4f3 Nb6 32. Bd4 Nc8 33. Ra5 Ne7 34. Bc5 Rd8 35. Ra4 Rc8 36. Bd6 Rc1+ 37. Kh2 Rd1 38. Bxf4 Nf5 39. Ra5 Bb7 40. Ra7 Bd5 41. Ra6 Be7 42. Ra5 Bb7 43. h5 Kh7 44. Ra7 Bxf3 45. hxg6+ Kxg6 46. Nxf3 Bf6 47. Ra6 Rf1 48. Ne5+ Kh7 49. Ng4 Bd4 50. g3 Ra1 51. Kg2 Ra2 52. a4 Bc3 53. Ra8 Be1 54. Kf1 Bb4 55. Ne3 Nd4 56. Nd5 Bc5 57. Be3 Nb3 58. Kg2 Bxe3 59. Nxe3 Nd4 60. Nc4 Nb3 61. Ra7 Nc5 62. a5 Nb3 63. Rb7 Nd4 64. Rd7 Nb3 65. Rb7 Nd4 66. Rd7 Nb3 67. Nd6 Rd2 68. a6 Nc5 69. a7 Nxd7 70. a8=Q Rxd6 71. Qe4+ Kg8 72. Qe7 Rd4 73. Qd8+ Kf7 74. f4 Rd5 75. Qc7 Kg6 76. g4 Nf6 77. g5 Nh5 78. Kf3 Nxf4 79. Kxf4 Rf5+ 80. Ke4 Rxg5 81. Qd7 Kh7 82. Qf7 Rg4+ 83. Kf5 Rh4 84. Qg6+ Kh8 85. Qe8+ Kh7 86. Kg5 Rh6 87. Qe4+ Kh8 88. Qa8+ Kh7 89. Kf5 Rf6+ 90. Ke5 Rh6 91. Kf5 Rf6+ 92. Kg5 Rg6+ 93. Kf4 Rf6+ 94. Ke3 Re6+ 95. Kd4 Rf6 96. Ke4 1/2-1/2

[Event "125-Jahre Werder Bremen 2024"]
[Site "Bremen"]
[Date "2024.03.07"]
[Round "6.2"]
[White "Cheng, Bobby"]
[Black "Teclaf, Pawel"]
[Result "0-1"]
[ECO "D26"]
[WhiteElo "2584"]
[BlackElo "2556"]
[Annotator "TA"]
[PlyCount "50"]
[EventDate "2024.02.26"]
[EventType "swiss"]
[EventCountry "GER"]
[SourceTitle "playchess.com"]
[Source "ChessBase"]
[SourceQuality "1"]
[TimeControl "40/6000+30:1800+30"]

1. d4 Nf6 2. c4 e6 3. Nc3 Bb4 4. e3 O-O 5. Bd3 d5 6. Nf3 dxc4 7. Bxc4 c5 8. O-O cxd4 9. exd4 Nc6 10. a3 Be7 11. Qd3 b6 12. Bf4 Bb7 13. Ba2 Rc8 14. Rfe1 Bd6 15. Bg5 {[%emt 0:01:52] Threatens to win with Bb1.} h6 16. Bh4 {[%emt 0:02:10] aiming for Bb1.} g5 $2 {[%emt 0:03:40] [#]} (16... Ne7 $16 {was necessary.}) 17. Nxg5 $4 hxg5 $19 18. Bxg5 {[%emt 0:00:00] [#]} (18. Bxe6 $142 fxe6 19. Qg6+ Kh8 20. Bxg5 Bxh2+ (20... Nxd4 21. Qh6+ Kg8 22. Qg6+ Kh8 23. Re3 $11) 21. Kxh2 Qc7+ 22. Kg1) 18... Bxh2+ $1 19. Kh1 (19. Kxh2 Ng4+) 19... Kg7 {[%emt 0:03:22] ...Rh8 is the strong threat.} (19... Qxd4 $2 {too greedy.} 20. Qxd4 Nxd4 21. Bxf6 $18) 20. Re3 $2 (20. Bxf6+ Qxf6 21. Kxh2 Qxf2 22. Qg3+ Qxg3+ 23. Kxg3) 20... Rh8 21. Rh3 {[%emt 0:00:00] Prevents Ng4} Bb8 22. Bh4 Qxd4 23. Qb5 Ne5 24. Rd1 Rxc3 25. Rg3+ Nfg4 {[%emt 0:00:45] Weighted Error Value: White=1.64/Black=0.16 (very precise) .  Missed win:     	White=1     	---        Mistake:       	White=2     	Black=1      Inaccurate:     	White=2     	Black=1      OK:         	White=2     	Black=4      Best:        	White=1     	---        Brilliant:      	---       	Black=1} 0-1

[Event "125-Jahre Werder Bremen 2024"]
[Site "Bremen"]
[Date "2024.03.07"]
[Round "6.3"]
[White "Efimenko, Zahar"]
[Black "Gloeckler, Christian"]
[Result "1/2-1/2"]
[ECO "A43"]
[WhiteElo "2568"]
[BlackElo "2356"]
[Annotator "TA"]
[PlyCount "49"]
[EventDate "2024.02.26"]
[EventType "swiss"]
[EventCountry "GER"]
[SourceTitle "playchess.com"]
[Source "ChessBase"]
[SourceQuality "1"]
[TimeControl "40/6000+30:1800+30"]

1. Nf3 Nf6 2. g3 c5 3. Bg2 Nc6 4. d4 cxd4 5. Nxd4 e5 6. Nb3 d5 7. Bg5 Be6 8. O-O Be7 9. N1d2 ({White should try} 9. Nc3 $11) 9... Qb6 10. e4 {[%emt 0:15:11] [#] And now Bxf6 would win.} d4 11. Rb1 O-O 12. a3 Nd7 13. Bxe7 Nxe7 14. Nc1 Nc5 15. Bf3 Ng6 16. Bg4 Bxg4 17. Qxg4 Rac8 18. Nd3 Nxd3 19. cxd3 Qa6 20. Qf3 Rc6 21. Rfc1 Rfc8 22. Rc4 {[%emt 0:00:40] Black is slightly better.} Rxc4 23. Nxc4 b5 24. Nd2 Qa4 {[%emt 0:01:43] White must now prevent ...Qc2.} 25. Qd1 {[%emt 0:05:24] Weighted Error Value: White=0.10 (very precise) /Black=0.05 (flawless) .  Mistake:       	White=2     	---        Inaccurate:     	White=1     	Black=1      OK:         	White=4     	Black=7      Best:        	---       	Black=1} (25. Kf1 $1 $15) 1/2-1/2

[Event "125-Jahre Werder Bremen 2024"]
[Site "Bremen"]
[Date "2024.03.07"]
[Round "6.4"]
[White "Breutigam, Martin"]
[Black "Plat, Vojtech"]
[Result "0-1"]
[ECO "A41"]
[WhiteElo "2359"]
[BlackElo "2528"]
[Annotator "TA"]
[PlyCount "108"]
[EventDate "2024.02.26"]
[EventType "swiss"]
[EventCountry "GER"]
[SourceTitle "playchess.com"]
[Source "ChessBase"]
[SourceQuality "1"]
[TimeControl "40/6000+30:1800+30"]

1. d4 d6 2. c4 e5 3. d5 Be7 4. Nc3 Bg5 5. e3 f5 6. Nf3 Bf6 7. e4 Ne7 8. exf5 {[%emt 0:01:14] Weiß steht etwas besser.} Bxf5 9. Bd3 O-O 10. O-O Nd7 11. Be3 Qe8 12. Ne4 Bg6 13. Nfg5 Bxg5 14. Nxg5 {[%emt 0:01:20] Ne6 wäre nun fies.} Bxd3 15. Qxd3 Qg6 16. Qxg6 Nxg6 17. g3 Nf6 18. f3 h6 19. Ne4 Ne7 20. Kg2 a6 21. a4 a5 22. Rad1 b6 23. Bg1 Kh7 24. Nc3 Rf7 25. b3 (25. Nb5 $142) 25... g5 $11 26. f4 (26. Nb5 $11) 26... exf4 $1 $15 ({Viel schlechter ist} 26... gxf4 27. gxf4 Nf5 28. fxe5 $11) 27. gxf4 g4 28. Nb5 Nf5 29. Nd4 Nh5 30. Ne6 {[%emt 0:13:58] [#]} (30. Nxf5 $142 Rxf5 31. Be3) 30... Nh4+ $1 $17 {[%emt 0:01:04] Ein dynamisches Springerpaar.} 31. Kf2 Rg8 (31... Nxf4 $2 {geht unter.} 32. Kg3 Nf3 33. Nxf4 $18) 32. Ke3 g3 {[%emt 0:00:43] Pariert Bf2.} 33. Ke4 gxh2 (33... g2 $17 34. Rf2 Ng7 (34... Nf6+ $2 35. Kd3 $19)) 34. Bxh2 $15 Rg2 35. Rh1 Nf5 (35... Ng7 {sieht schärfer aus.} 36. Bg1 Rg4 37. Be3 Nxe6 38. dxe6 Rf6) 36. Kd3 {[%emt 0:03:27] Wehrt Re2 ab} Rg4 {[%emt 0:00:20] Schwarz steht aktiver.} 37. Rd2 {[%emt 0:04:47] [#]} Nhg7 ({Günstiger ist} 37... Rh4 $1 $17 {[%cal Rh4h3] Und jetzt ...Rh3+ wäre schön.} 38. Re1 Nhg7) 38. Re1 (38. Rg1 $1 $15 Rh4 39. Kc3) 38... Rh4 39. Re4 $2 {[%emt 0:07:23][%mdl 8192] Davon erholt Weiß sich nicht mehr.} (39. Bg1 $17) 39... Rh3+ $19 40. Kc2 Ne3+ 41. Rxe3 Rxe3 42. Nd4 Nf5 43. Ne6 Re1 {[%emt 0:00:02] Wehrt Bg1 ab} 44. Kb2 c5 45. Ka3 (45. Rg2 {ist eine bessere Verteidigung.}) 45... Rf6 46. Rg2 Rfxe6 47. dxe6 Rxe6 {[%emt 0:00:04][%mdl 4096] Endspiel. KRB-KRN} 48. Rd2 Re1 49. Rg2 Re4 50. Rd2 $2 (50. Kb2) 50... Kg6 {[%emt 0:00:06] Schwarz steht klar auf Gewinn.} 51. Rg2+ Kf7 52. Rd2 Re1 53. Rg2 Rf1 54. Re2 Rf3 {[%emt 0:00:06] Gewichteter Fehlerwert: Weiß=0.39/Schwarz=0.14 (sehr präzise) .  Verlustzug:     	Weiß=1     	---        Fehler:       	Weiß=6     	Schwarz=2     Ungenau:       	Weiß=4     	Schwarz=3     OK:         	Weiß=15    	Schwarz=20    Bester:       	Weiß=3     	Schwarz=3     Stark:        	---       	Schwarz=1} 0-1